 Dungeon Crawl Stone Soup version 0.26.1-2-gb8aa6d0cf2 (webtiles) character file.

Game seed: 1668087059889212297

60 infcreate the Sneak (level 3, -5/20 HPs)
             Began as a Vampire Enchanter on Mar 28, 2021.
             Slain by an orc
             ... wielding a +0 flail
              (7 damage)
             ... on level 2 of the Dungeon.
             The game lasted 00:12:55 (2086 turns).

infcreate the Sneak (Vampire Enchanter)             Turns: 2086, Time: 00:12:57

Health: -5/20      AC:  5    Str:  7    XL:     3   Next: 80%
Magic:  4/6        EV: 13    Int: 17    God:
Gold:   86         SH:  0    Dex: 15    Spells: 0/6 levels left

rFire    . . .     SeeInvis +   a - +1 dagger
rCold    + + .     Faith    .   (no shield)
rNeg     + + +     Spirit   .   b - +0 robe
rPois    ∞         Reflect  .   (no helmet)
rElec    .         Harm     .   f - +0 cloak
rCorr    .         Rampage  .   e - +0 pair of gloves
Will     .....                  g - +0 pair of boots
Stlth    +++++.....             (no amulet)
HPRegen  0.00/turn              (no ring)
MPRegen  0.10/turn              (no ring)

@: very slightly contaminated, bloodless
A: fangs 3, see invisible, unbreathing
a: Bat Form, Revivify


You were on level 2 of the Dungeon.
You visited 1 branch of the dungeon, and saw 3 of its levels.

You collected 86 gold pieces.

Inventory:

Hand Weapons
 a - a +1 dagger (weapon)
Armour
 b - a +0 robe (worn)
 e - a +0 pair of gloves (worn)
 f - a +0 cloak (worn)
 g - a +0 pair of boots (worn)
Jewellery
 c - an uncursed ring of ice {unknown}
Scrolls
 h - a scroll of identify {unknown}
 j - a scroll of blinking {unknown}
Potions
 d - 2 potions of might {unknown}
 i - 2 potions of degeneration {unknown}
 k - a potion of berserk rage {unknown}
 l - a potion of flight {unknown}


   Skills:
 + Level 0.8 Fighting
 * Level 2.1 Short Blades
 * Level 2.9 Dodging
 * Level 5.0 Stealth
 + Level 2.1 Spellcasting
 * Level 4.9 Hexes


You couldn't memorise any spells.
You knew the following spells:

 Your Spells              Type           Power        Failure   Level
a - Corona                Hex            20%          2%          1
b - Ensorcelled Hibernat  Hex/Ice        20%          11%         2
c - Confusing Touch       Hex            18%          8%          3

Your spell library contained the following spells:

 Spells                   Type           Power        Failure   Level
 Tukima's Dance           Hex            18%          8%          3
 Dazzling Flash           Conj/Hex       20%          21%         3


Dungeon Overview and Level Annotations

Branches:
Dungeon (3/15)

Altars:


Innate Abilities, Weirdness & Mutations

You do not regenerate when monsters are visible.
You are frail without blood (-20% HP).
You can heal yourself when you bite living creatures.
You are immune to poison.
You have razor-sharp teeth.
You have supernaturally acute eyesight. (SInv)
You can survive without breathing.


Message History

There is a stone staircase leading down here.
The orc hits you with a +0 morningstar!
* * * LOW HITPOINT WARNING * * *
Things that are here:
4 stones; a +0 flail; an orc corpse
Things that are here:
a +0 leather armour; a +0 whip; an orc corpse You see here a stone.
Okay, then.
Things that are here:
a +0 club; a hobgoblin skeleton
Casting: Corona (safe; 2% risk of failure)
Confirm with . or Enter, or press ? or * to list all spells.
Aiming: Ensorcelled Hibernation (safe; 11% risk of failure)
Press: ? - help, Shift-Dir - straight line, f - orc
Aim: an orc, wielding a +0 flail (chance to affect: 59%)
You miscast Ensorcelled Hibernation.
You are very lightly contaminated with residual magic.
Nothing appears to happen.
The orc hits you with a +0 flail!
You die...

#.# #.....#
#.##.##.# ..#
####### #.##.##.#
####### #.......#
..o.o.# ####.####
.####.# #.#
...##.######### #.#
.#............# #.#
.#..#.#####.#.###.#
....#.# #...oo@.#
......# #########
##.#### ...# ####


You could see 2 orcs.

Vanquished Creatures
  An adder (D:2)
  4 worms (D:2)
  A dart slug (D:2)
  A leopard gecko (D:1)
  2 orcs (D:2)
  A ball python (D:3)
  4 giant cockroaches
  3 goblins (D:1)
  5 hobgoblins
  2 jackals
  2 kobolds (D:1)
  2 bats
  3 frilled lizards (D:1)
  2 rats (D:1)
33 creatures vanquished.

Notes
Turn   | Place    | Note
-------+----------+-------------------------------------------
     0 | D:1      | infcreate the Vampire Enchanter began the quest for the
                  | Orb.
     0 | D:1      | Reached XP level 1. HP: 13/13 MP: 3/3
   483 | D:1      | Reached XP level 2. HP: 15/15 MP: 5/5
   655 | D:1      | Learned a level 2 spell: Ensorcelled Hibernation
  1333 | D:2      | Reached XP level 3. HP: 20/20 MP: 3/6
  1532 | D:2      | Reached skill level 5 in Stealth
  1735 | D:2      | Learned a level 3 spell: Confusing Touch
  2086 | D:2      | Slain by an orc

Illustrated notes

Levels and vault maps discovered:
D:1:      ncdulo_wetmaze, layout_basic
D:2:      layout_loops_cross
D:3:      layout_rooms, lemuel_zombie_altar_yredelemnul, tgw_trog,
          uniq_crazy_yiuf_cottage

Skill      XL: |  1  2  3 |
---------------+----------+-----
Stealth        | 5 |  5.0
Short Blades   | 2 |  2.1
Fighting       | |  0.8
Dodging        | |  2.9
Spellcasting   | |  2.1
Hexes          | |  4.9

Action                   || total
-------------------------++-------
Melee: Dagger            ||    76
       Bite              ||     3
 Cast: Corona            ||     5
       Ensorcelled Hiber ||     5
 Abil: Exsanguinate      ||     1
  Use: Scroll            ||     1
 Stab: Sleeping          ||    19
Armor: Robe              ||    12
Dodge: Dodged            ||    53
